 Dungeon Crawl Stone Soup version 0.21-a0-538-gd16b88a (webtiles) character file.

207 slep the Chopper (level 5, 0/41 HPs)
             Began as a Barachi Gladiator on Dec 16, 2017.
             Was an Initiate of Okawaru.
             Slain by a worm (6 damage)
             ... on level 3 of the Dungeon.
             The game lasted 00:06:30 (2136 turns).

slep the Chopper (Barachi Gladiator)                Turns: 2136, Time: 00:06:30

Health: 0/41       AC:  4    Str: 15    XL:     5   Next: 85%
Magic:  5/5        EV: 13    Int:  9    God:    Okawaru [......]
Gold:   107        SH:  0    Dex: 14    Spells: 4/4 levels left

rFire    . . .     SeeInvis .   a - +0 war axe
rCold    + . .     Gourm    .   (no shield)
rNeg     . . .     Faith    .   b - +0 leather armour
rPois    .         Spirit   .   c - +0 helmet
rElec    .         Reflect  .   (no cloak)
rCorr    .         Harm     .   (no gloves)
MR       .....                  (no boots)
Stlth    +.........             (no amulet)
HPRegen  0.13/turn              h - ring of protection from cold
MPRegen  0.09/turn              (no ring)

@: lethally poisoned (0 -> -2), slow
A: +LOS, swims, slowness 1, strong legs 1
a: Hop, Renounce Religion


You were on level 3 of the Dungeon.
You worshipped Okawaru.
Okawaru was noncommittal.
You were not hungry.

You visited 1 branch of the dungeon, and saw 3 of its levels.

You collected 107 gold pieces.

Inventory:

Hand Weapons
 a - a +0 war axe (weapon)
Missiles
 d - 3 throwing nets (quivered)
 i - 2 javelins
 m - 3 javelins of returning
Armour
 b - a +0 leather armour (worn)
 c - a +0 helmet (worn)
Jewellery
 h - a ring of protection from cold (left hand)
Scrolls
 g - a scroll of fog {unknown}
 k - a scroll of teleportation {unknown}
 s - a scroll of blinking {unknown}
 t - a scroll of random uselessness {unknown}
Potions
 e - 2 potions of magic {unknown}
 j - a potion of haste {unknown}
 l - 2 potions of brilliance {unknown}
 n - a potion of cancellation {unknown}
 p - a potion of might {unknown}
 q - a potion of degeneration {unknown}
 r - 2 potions of agility {unknown}
Comestibles
 f - a bread ration
 o - 3 fruits


   Skills:
 + Level 3.2 Fighting
 + Level 5.6 Axes
 + Level 2.0 Throwing
 + Level 2.3 Armour
 + Level 4.0 Dodging
 + Level 0.2 Stealth


You had 4 spell levels left.
You didn't know any spells.

Dungeon Overview and Level Annotations

Branches:
Dungeon (3/15)

Altars:
Dithmenos
Okawaru
Qazlal
The Shining One


Innate Abilities, Weirdness & Mutations

Shadows flee at your approach. (+LOS)
You can swim through water.
You cover ground slowly.
You can hop short distances.


Message History

You hit the worm but do no damage.
The worm is heavily wounded.
You feel sick. The worm bites you!
You barely miss the worm.
The worm is heavily wounded.
The worm bites you!
You hit the worm but do no damage.
The worm is moderately wounded.
You hit the worm.
The worm is heavily wounded.
You feel sick. The worm bites you.
* * * LOW HITPOINT WARNING * * *
You hit the worm.
The worm is severely wounded.
The worm bites you.
* * * LOW HITPOINT WARNING * * *
You hit the worm but do no damage.
The worm is severely wounded.
The worm bites you.
You die...

.........##.## #...#
.........##..#######
......(..###...#
##..###### ###.####
#. #....###..w. #
###.........
##..##.....< ##†.##
..... #@.## ... #w##
. ..# ..## ... ....
.>... ##...# #...


You could see a worm.

Vanquished Creatures
  An ogre (D:3)
  A worker ant (D:3)
  A gnoll (D:1)
  An adder (D:3)
  2 worms (D:2)
  6 dart slugs
  9 bats
  3 giant cockroaches (D:2)
  7 goblins
  6 hobgoblins
  10 jackals (D:1)
  A quokka (D:2)
  2 frilled lizards
  8 kobolds
  10 rats
68 creatures vanquished.

Notes
Turn   | Place    | Note
-------+----------+-------------------------------------------
     0 | D:1      | slep the Barachi Gladiator began the quest for the Orb.
     0 | D:1      | Reached XP level 1. HP: 17/17 MP: 1/1
   431 | D:1      | Reached XP level 2. HP: 15/23 MP: 2/2
   526 | D:1      | Reached XP level 3. HP: 8/28 MP: 3/3
   527 | D:1      | Reached skill level 4 in Axes
   544 | D:1      | HP: 1/28 [hobgoblin (3)]
   885 | D:1      | Reached skill level 1 in Armour
  1191 | D:1      | Reached XP level 4. HP: 27/34 MP: 4/4
  1515 | D:2      | Found a shadowy altar of Dithmenos.
  1746 | D:3      | Found a glowing golden altar of the Shining One.
  1760 | D:3      | Found an iron altar of Okawaru.
  1767 | D:3      | Became a worshipper of Warmaster Okawaru
  1771 | D:3      | Found a stormy altar of Qazlal.
  1908 | D:3      | Noticed an ogre
  1914 | D:3      | Killed an ogre
  1914 | D:3      | Reached skill level 5 in Axes
  1914 | D:3      | Reached XP level 5. HP: 16/41 MP: 5/5
  2136 | D:3      | Slain by a worm

Vault maps used:
D:1:      eino_arrival_cavern_e, minmay_misc_feat_five, minmay_misc_feat_cross
D:2:      grunt_dithmenos_smoke_and_mirrors, uniq_crazy_yiuf_cottage
D:3:      nemelex_altar_shiori, minitemple

Skill      XL: |  1  2  3  4 |
---------------+-------------+-----
Axes           | 4 5 |  5.6
Armour         | 1 2 |  2.3
Fighting       | 3 |  3.2
Dodging        | 4 |  4.0
Throwing       | |  2.0
Stealth        | |  0.2

Action                   |  1- 3 |  4- 6 || total
-------------------------+-------+-------++-------
Melee: War axe           |   101 |    97 ||   198
  Eat: Chunk             |     1 |     4 ||     5
Armor: Leather armour    |    46 |    30 ||    76
Dodge: Dodged            |   116 |    68 ||   184

Table legend:
 A = Spawn XP
 B = Non-spawn XP
 C = Spawn XP percentage of total XP
 D = Spawn monster count
 E = Non-spawn monster count
 F = Spawn count percentage of total count
 G = Total turns spent on level
                    A         B        C        D         E        F      G
               +---------+---------+-------+---------+---------+-------+---------
         Total |       0 |     297 |   0.0 |       0 |      68 |   0.0 |  2136
               +---------+---------+-------+---------+---------+-------+---------
           D:1 |       0 |      83 |   0.0 |       0 |      39 |   0.0 |  1258
           D:2 |       0 |      45 |   0.0 |       0 |      21 |   0.0 |   481
           D:3 |       0 |     169 |   0.0 |       0 |       8 |   0.0 |   397
               +---------+---------+-------+---------+---------+-------+---------
